 Dungeon Crawl Stone Soup version 0.23.2-40-g277498a001 (webtiles) character file.

Game seed: 15952734425756624533

7483 Descartes the Blocker (level 11, -23/84 HPs)
             Began as a Formicid Fighter on Sept 16, 2019.
             Was a Follower of Dithmenos.
             Killed from afar by Josephine (24 damage)
             ... with a ghostly fireball
             ... on level 10 of the Dungeon.
             The game lasted 00:39:52 (11585 turns).

Descartes the Blocker (Formicid Fighter)           Turns: 11585, Time: 00:39:53

Health: -23/84     AC:  8    Str: 26    XL:     11   Next: 38%
Magic:  18/18      EV: 18    Int: 10    God:    Dithmenos [*.....]
Gold:   528        SH: 14    Dex: 11    Spells: 17/20 levels left

rFire    . . .     SeeInvis +   a - +0 war axe
rCold    + . .     Gourm    .   c - +0 shield
rNeg     . . .     Faith    .   L - +1 leather armour of Least Resistance {*Slow +Blink rElec rPois}
rPois    +         Spirit   .   (helmet unavailable)
rElec    +         Reflect  +   x - +0 cloak
rCorr    +         Harm     .   S - +1 pair of gloves of Decompression {rC+ MR+++ rCorr Stlth-}
MR       ++++.                  (no boots)
Stlth    +.........             p - +3 amulet of reflection
HPRegen  0.24/turn              n - +3 ring of evasion
MPRegen  0.16/turn              I - +4 ring of evasion

@: mighty, wreathed by umbra, heavily drained
A: permanent stasis, dig shafts and tunnels, four strong arms, antennae 3
a: Dig, Shaft Self, Renounce Religion


You were on level 10 of the Dungeon.
You worshipped Dithmenos.
Dithmenos was aware of your devotion.
You were very hungry.

You visited 3 branches of the dungeon, and saw 12 of its levels.

You collected 528 gold pieces.

Inventory:

Hand Weapons
 a - a +0 war axe (weapon)
 b - a +0 arbalest
 w - a +0 blowgun
 K - a +3 dire flail
Missiles
 e - 242 stones
 h - 79 poisoned needles
 s - 221 arrows
 y - 27 sling bullets
 z - 28 bolts
 R - 4 tomahawks (quivered)
Armour
 c - a +0 shield (worn)
 r - +0 fire dragon scales
 x - a +0 cloak (worn)
 L - the +1 leather armour of Least Resistance (worn) {*Slow +Blink rElec rPois}
   (You found it on level 6 of the Dungeon)

   It insulates you from electricity.
   It protects you from poison.
   It lets you blink.
   It may slow you when you take damage.
 S - the +1 pair of gloves of Decompression (worn) {rC+ MR+++ rCorr Stlth-}
   (You found it on level 7 of the Dungeon)

   It protects you from cold.
   It affects your resistance to hostile enchantments.
   It provides partial protection from all sources of acid and corrosion.
   It makes you less stealthy.
 Z - a +0 ring mail of cold resistance
Jewellery
 m - an uncursed ring of wizardry {unknown}
 n - a +3 ring of evasion (left hand)
 p - a +3 amulet of reflection (around neck)
 A - an uncursed ring of ice
 H - a +3 ring of intelligence
 I - a +4 ring of evasion (right hand)
 O - an uncursed ring of magical power {unknown}
 T - an uncursed amulet of magic regeneration
Wands
 v - a wand of paralysis (6)
 C - a wand of polymorph (5)
 N - a wand of iceblast (12)
 V - a wand of disintegration (8)
Scrolls
 g - 7 scrolls of remove curse
 j - a scroll of magic mapping {unknown}
 k - a scroll of fear {unknown}
 l - 2 scrolls of enchant armour {unknown}
 o - a scroll of enchant weapon {unknown}
 t - 3 scrolls of teleportation {unknown}
 u - 2 scrolls of blinking {unknown}
 E - a scroll of immolation {unknown}
 G - 2 scrolls of random uselessness {unknown}
 Q - a scroll of fog {unknown}
 X - 2 scrolls of acquirement {unknown}
Potions
 i - 3 potions of agility
 q - a potion of resistance
 B - a potion of lignification
 F - a potion of brilliance {unknown}
 J - 5 potions of curing
 M - a potion of ambrosia
 P - a potion of flight
 U - a potion of mutation {unknown}
 W - 3 potions of magic
Comestibles
 f - 16 rations


   Skills:
 + Level 7.5(4.6) Fighting
 + Level 3.3(0.8) Axes
 + Level 7.5(4.7) Armour
 + Level 5.4(2.7) Dodging
 + Level 6.4(3.6) Stealth
 - Level 9.0(6.0) Shields
 - Level 5.0(2.3) Spellcasting
 + Level 4.9(2.3) Charms
 + Level 4.4(1.8) Necromancy
 + Level 3.3(0.8) Invocations
 + Level 3.0(0.5) Evocations


You had 17 spell levels left.
You knew the following spells:

 Your Spells              Type           Power        Failure   Level  Hunger
a - Regeneration          Chrm/Necr      #.........   63%         3    ####...

Your spell library contained the following spells:

 Spells                   Type           Power        Failure   Level  Hunger
 Animate Skeleton         Necr           N/A          30%         1    ##.....
 Pain                     Necr           #...         30%         1    ##.....
 Sandblast                Erth           #.....       54%         1    ##.....
 Passwall                 Tmut/Erth      #.......     67%         2    ###....
 Vampiric Draining        Necr           #.........   67%         3    ####...
 Stone Arrow              Conj/Erth      #.....       88%         3    ####...
 Animate Dead             Necr           N/A          97%         4    #####..
 Petrify                  Tmut/Erth      #.......     99%         4    #####..
 Lee's Rapid Deconstruct  Erth           #.........   100%        5    ######.


Dungeon Overview and Level Annotations

Branches:
Dungeon (10/15)            Temple (1/1) D:7            Lair (1/6) D:9
    Orc: D:9-12

Altars:
Ashenzari
Cheibriados
Dithmenos
Elyvilon
Fedhas
Gozag
Hepliaklqana
Kikubaaqudgha
Makhleb
Nemelex Xobeh
Okawaru
Qazlal
Ru
Sif Muna
Trog
Uskayaw
Vehumet
Wu Jian
Xom
Yredelemnul
Zin
The Shining One

Shops:
D:8 (

Annotations:
D:10 Josephine


Innate Abilities, Weirdness & Mutations

You cannot be hasted, slowed, berserked, paralysed or teleported.
You can dig through walls and to a lower floor.
Your four strong arms can wield two-handed weapons with a shield.
You have a pair of large antennae on your head. (SInv)


Message History

You closely miss Josephine.
Josephine is severely wounded.
Josephine casts a spell at you.
The ghostly flame explodes!
The ghostly fireball engulfs you.
You feel drained.
* * * LOW HITPOINT WARNING * * *
The ghostly fireball engulfs Josephine.
Josephine completely resists.
Josephine misses you.
You hear a bellow!
You hear a shout! x2
You barely miss Josephine.
Josephine is severely wounded.
You hear a shout!
Josephine hits you with a +0 dagger.
* * * LOW HITPOINT WARNING * * *
You hit Josephine.
Josephine is severely wounded.
Josephine hits you but does no damage.
Josephine gestures at you while chanting.
The ghostly flame explodes!
The ghostly fireball engulfs you!!
You feel drained.
You die...

##......#####.
##.)...# #...
#.....# #.#.
####)#+##....{ .#
...)........# .#
.......####.# .#
....#..# #.# .# #
######.## #.# ###
.##.#
#..###.####@##...
#.........##@#.#
##...#{##{###Y.#
#...#.##{{#{#.#
##..{#.##{#{##^#
....{.{.{.#.......#
#.#@..#.####.##.####
#.#...#.# #.# .# .
....{.. ... .#


You could see Josephine and a yak.

Vanquished Creatures
  A hydra (Lair:1)
  Joseph (D:9)
  3 hippogriffs
  3 hogs (D:7)
  A human (D:7)
  7 yaks
  Eustachio (D:6)
  2 water moccasins (Lair:1)
  2 porcupines (Lair:1)
  An ice beast (D:9)
  4 orc warriors
  A phantom (D:7)
  A sky beast (D:5)
  A necrophage (D:7)
  A black bear (D:4)
  4 centaurs
  6 ogres
  A crocodile (Lair:1)
  A big kobold (D:7)
  Blork the orc (D:5)
  2 bullfrogs
  3 scorpions
  3 wights (D:9)
  4 howler monkeys
  3 crimson imps
  A jelly (D:8)
  A gnoll shaman (D:4)
  A centaur skeleton (D:7)
  6 orc priests
  3 hounds
  3 bullfrog skeletons
  Natasha (twice) (D:3)
  An iguana (D:9)
  7 orc wizards
  8 worker ants
  A hound skeleton (D:5)
  A worker ant zombie (D:9)
  A howler monkey skeleton (D:6)
  5 adders
  8 gnolls (D:4)
  2 oozes
  An adder zombie (D:5)
  6 worms
  4 dart slugs
  3 leopard geckos
  47 orcs
  A ball python (D:3)
  6 bats
  4 giant cockroaches
  10 goblins
  8 hobgoblins
  12 jackals
  8 kobolds
  5 quokkas
  6 frilled lizards
  A jackal skeleton (D:6)
  A leopard gecko zombie (D:5)
  7 rats
239 creatures vanquished.

Vanquished Creatures (others)
  A centaur (D:9)
1 creature vanquished.

Grand Total: 240 creatures vanquished

Notes
Turn   | Place    | Note
-------+----------+-------------------------------------------
     0 | D:1      | Descartes the Formicid Fighter began the quest for the Orb.
     0 | D:1      | Reached XP level 1. HP: 18/18 MP: 1/1
    81 | D:1      | Reached XP level 2. HP: 17/24 MP: 2/2
   656 | D:2      | Reached skill level 4 in Shields
   660 | D:2      | Reached XP level 3. HP: 23/29 MP: 3/3
   745 | D:2      | Reached skill level 1 in Stealth
   883 | D:2      | Reached XP level 4. HP: 35/35 MP: 4/4
  1557 | D:3      | Noticed Natasha
  1558 | D:3      | Found a blossoming altar of Fedhas.
  1567 | D:3      | Killed Natasha
  1567 | D:3      | Reached skill level 1 in Dodging
  1567 | D:3      | Reached XP level 5. HP: 42/42 MP: 5/5
  2215 | D:3      | Noticed Natasha
  2246 | D:3      | Killed Natasha
  2246 | D:3      | Reached skill level 5 in Shields
  2246 | D:3      | Reached XP level 6. HP: 34/48 MP: 6/6
  2515 | D:4      | Noticed a black bear
  2569 | D:4      | Killed a black bear
  2575 | D:4      | Reached XP level 7. HP: 27/54 MP: 7/7
  2976 | D:4      | Found a radiant altar of Vehumet.
  3074 | D:4      | Reached skill level 6 in Shields
  3136 | D:4      | Found a burning altar of Makhleb.
  3160 | D:4      | Found an ornate altar of the Wu Jian Council.
  3286 | D:5      | Entered Level 5 of the Dungeon
  3336 | D:5      | Reached XP level 8. HP: 51/61 MP: 8/8
  3720 | D:5      | Learned a level 3 spell: Regeneration
  3832 | D:5      | Noticed Blork the orc
  3842 | D:5      | Killed Blork the orc
  3877 | D:5      | Reached skill level 5 in Fighting
  4148 | D:5      | Reached skill level 5 in Armour
  4148 | D:5      | Reached skill level 7 in Shields
  4148 | D:5      | Reached skill level 1 in Spellcasting
  4163 | D:5      | Reached skill level 1 in Necromancy
  4343 | D:5      | Found an ancient bone altar of Kikubaaqudgha.
  4512 | D:6      | Reached skill level 1 in Charms
  4766 | D:6      | Got a translucent leather armour
  4777 | D:6      | Identified the +1 leather armour of Least Resistance {*Slow
                  | +Blink rElec rPois} (You found it on level 6 of the
                  | Dungeon)
  4821 | D:6      | Noticed Eustachio
  4860 | D:6      | Killed Eustachio
  4893 | D:6      | Reached XP level 9. HP: 68/68 MP: 11/11
  5442 | D:6      | Reached skill level 5 in Stealth
  5442 | D:6      | Reached skill level 8 in Shields
  5786 | D:6      | Found a bloodstained altar of Trog.
  5848 | D:6      | HP: 2/68 [orc warrior/+0 scimitar (14)]
  6450 | D:6      | Found a bloodstained altar of Trog.
  6658 | D:7      | Noticed a hippogriff
  6686 | D:7      | Killed a hippogriff
  7083 | D:7      | Found a staircase to the Ecumenical Temple.
  7092 | Temple   | Entered the Ecumenical Temple
  7224 | Temple   | Became a worshipper of Dithmenos the Shadowed
  7342 | D:7      | Reached skill level 9 in Shields
  7342 | D:7      | Reached XP level 10. HP: 60/76 MP: 14/14
  7556 | D:7      | Got a pair of encrusted gloves
  7567 | D:7      | Identified the +1 pair of gloves of Decompression {rC+
                  | MR+++ rCorr Stlth-} (You found it on level 7 of the
                  | Dungeon)
  7968 | D:8      | Found Xeneu's Antique Weapon Shop.
  8162 | D:8      | Found a glowing golden altar of the Shining One.
  8483 | D:8      | Reached * piety under Dithmenos
  8713 | D:9      | Found a staircase to the Lair.
  8790 | D:9      | Reached skill level 1 in Invocations
  8827 | D:9      | Reached skill level 1 in Evocations
  9105 | D:9      | Noticed Joseph
  9163 | D:9      | Killed Joseph
  9704 | Lair:1   | Entered Level 1 of the Lair of Beasts
  9768 | Lair:1   | Reached skill level 5 in Dodging
  9964 | Lair:1   | Reached XP level 11. HP: 70/84 MP: 17/17
 10178 | Lair:1   | Noticed a six-headed hydra
 10197 | Lair:1   | Killed a six-headed hydra
 10834 | Lair:1   | Noticed an eight-headed hydra
 11405 | D:10     | Entered Level 10 of the Dungeon
 11455 | D:10     | Reached skill level 5 in Spellcasting
 11546 | D:10     | Noticed Josephine
 11584 | D:10     | HP: 1/84 [Josephine/+0 dagger (4)]
 11585 | D:10     | Killed from afar by Josephine

Skill      XL: |  1  2  3  4  5  6  7  8  9 10 11 |
---------------+----------------------------------+-----
Shields        | 4 5 6 7 9 |  9.0
Stealth        | 1 2 3 4 5 6 |  6.4
Dodging        | 1 2 3 4 5 |  5.4
Fighting       | 4 5 6 7 |  7.5
Armour         | 4 5 6 7 |  7.5
Axes           | 3 |  3.3
Spellcasting   | 1 3 4 5 |  5.0
Necromancy     | 1 3 4 |  4.4
Charms         | 1 3 4 |  4.9
Invocations    | 2 3 |  3.3
Evocations     | 2 3 |  3.0

Action                   |  1- 3 |  4- 6 |  7- 9 | 10-12 || total
-------------------------+-------+-------+-------+-------++-------
Melee: War axe           |    91 |   235 |   493 |   324 ||  1143
       Dire flail        |       |       |       |    72 ||    72
 Fire: Arbalest          |       |       |       |    65 ||    65
 Cast: Regeneration      |       |       |     2 |     6 ||     8
 Abil: Dig               |       |     3 |       |     6 ||     9
  Use: Scroll            |       |     3 |       |     9 ||    12
       Potion            |       |       |       |     6 ||     6
 Stab: Distracted        |       |     1 |       |       ||     1
       Sleeping          |       |       |     7 |     2 ||     9
  Eat: Chunk             |       |     6 |    17 |    12 ||    35
       Ration            |       |       |       |     1 ||     1
Armor: Scale mail        |    36 |     7 |       |       ||    43
       Fire dragon scale |       |    17 |       |       ||    17
       Ring mail         |       |    52 |    44 |       ||    96
       Leather armour    |       |       |    20 |    33 ||    53
Dodge: Dodged            |    44 |   153 |   256 |   305 ||   758
Block: Shield            |    42 |   114 |   347 |   357 ||   860
       Reflection        |       |       |     3 |     6 ||     9
